[Event "9th A. Margaryan Memorial 2019"]
[Site "Yerevan"]
[Date "2019.01.09"]
[Round "2"]
[White "Sturua, Zurab"]
[Black "Sargsyan, Tigran R."]
[Result "1/2-1/2"]
[ECO "A11"]
[WhiteElo "2533"]
[BlackElo "2332"]
[Annotator "ChessBase"]
[PlyCount "80"]
[EventDate "2019.01.08"]
[EventType "tourn"]
[EventCountry "ARM"]
[SourceTitle "playchess.com"]
[Source "ChessBase"]
[SourceQuality "1"]
[TimeControl "40/5400+30:1800+30"]

1. c4 c6 2. Nf3 d5 3. e3 Bf5 4. cxd5 cxd5 5. Qb3 Qc8 6. Nc3 e6 7. d4 Nc6 8. Bd2 Bd6 9. Rc1 Nge7 10. Nh4 Bg4 11. h3 Bh5 12. g4 Bg6 13. Be2 O-O 14. Nxg6 Nxg6 15. Na4 Qd7 16. Nc5 Bxc5 17. Rxc5 Rac8 18. h4 Nge7 19. f4 f5 20. g5 Rc7 21. Kf2 Nc8 22. Rhc1 Nd6 23. Kg2 Ne4 24. R5c2 Rfc8 25. Be1 Nd8 26. a4 Nf7 27. Ba5 Rxc2 28. Rxc2 Nfd6 29. Bb4 Kf7 30. Rxc8 Qxc8 31. Qd1 Nc4 32. Qc1 Ncd6 33. Qxc8 Nxc8 34. b3 a6 35. Bh5+ g6 36. Bd1 Na7 37. h5 Nc6 38. Be1 a5 39. h6 b6 40. Kf3 Ke7 {[%emt 0:00:00] Kxe4} 1/2-1/2

[Event "9th A. Margaryan Memorial 2019"]
[Site "Yerevan"]
[Date "2019.01.10"]
[Round "3"]
[White "Sargsyan, Tigran R."]
[Black "Babujian, Levon"]
[Result "1-0"]
[ECO "E10"]
[WhiteElo "2332"]
[BlackElo "2488"]
[Annotator "ChessBase"]
[PlyCount "89"]
[EventDate "2019.01.08"]
[EventType "tourn"]
[EventCountry "ARM"]
[SourceTitle "playchess.com"]
[Source "ChessBase"]
[SourceQuality "1"]
[TimeControl "40/5400+30:1800+30"]

1. d4 Nf6 2. c4 e6 3. Nf3 c5 4. g3 cxd4 5. Nxd4 Bb4+ 6. Nc3 Ne4 7. Qd3 Bxc3+ 8. bxc3 Nc5 9. Qe3 O-O 10. Ba3 d6 11. Nb5 Qa5 12. Bb4 Qa4 13. Nxd6 Nca6 14. Qd2 Nc6 15. a3 Naxb4 16. cxb4 a5 17. b5 Nb4 18. Qd1 Nc2+ 19. Kd2 Rd8 20. Qxc2 Rxd6+ 21. Kc1 Qxc2+ 22. Kxc2 e5 23. Bg2 Rd4 24. Bd5 Be6 25. Bxe6 fxe6 26. Kb3 Rd2 27. Rhe1 Rad8 28. Rac1 b6 29. Rc2 R2d4 30. Rec1 Kf7 31. e3 Rd3+ 32. Rc3 Ke7 33. Ka4 Rxc3 34. Rxc3 Rd2 35. c5 bxc5 36. Kxa5 Ra2 37. Kb6 Kd7 38. Ka7 Rxf2 39. b6 Kc6 40. b7 Rf7 41. Rb3 c4 42. Rb1 c3 43. Ka8 Rxb7 44. Rxb7 c2 45. Kb8 1-0

[Event "9th A. Margaryan Memorial 2019"]
[Site "Yerevan"]
[Date "2019.01.12"]
[Round "5"]
[White "Sychev, Klementy"]
[Black "Davtyan, Artur"]
[Result "1/2-1/2"]
[ECO "A06"]
[WhiteElo "2537"]
[BlackElo "2396"]
[Annotator "ChessBase"]
[PlyCount "172"]
[EventDate "2019.01.08"]
[EventType "tourn"]
[EventCountry "ARM"]
[SourceTitle "playchess.com"]
[Source "ChessBase"]
[SourceQuality "1"]
[TimeControl "40/5400+30:1800+30"]

1. Nf3 Nf6 2. c4 e6 3. b3 d5 4. Bb2 c5 5. e3 Nc6 6. cxd5 exd5 7. Bb5 Bd6 8. O-O O-O 9. d4 cxd4 10. Nxd4 Qe7 11. Nf3 Bg4 12. Nbd2 Ne4 13. Bxc6 bxc6 14. Nxe4 Qxe4 15. Qd4 Qxd4 16. Nxd4 Bd7 17. Rac1 Rfc8 18. Ne2 c5 19. Rfd1 Be6 20. Nc3 Be5 21. Na4 Bxb2 22. Nxb2 Rab8 23. Na4 c4 24. bxc4 dxc4 25. Nc3 Rb2 26. Rb1 Rc2 27. Rbc1 Rb2 28. Rb1 Rc2 29. Rdc1 Rd2 30. Kf1 h6 31. Ke1 Rd3 32. Rb7 a6 33. Rb6 Ra8 34. h3 Kf8 35. Rc2 Ra7 36. Ne2 Rd8 37. Nf4 Bf5 38. Rxc4 Rad7 39. g4 Rd1+ 40. Ke2 Bb1 41. Rcb4 Bxa2 42. Rxa6 R1d2+ 43. Kf3 g5 44. Nh5 Be6 45. Rab6 Bd5+ 46. Kg3 Rc8 47. Rb8 Rxb8 48. Rxb8+ Ke7 49. Ng7 Kf6 50. Nh5+ Ke7 51. Rb1 Be4 52. Rb4 Bg6 53. Rb7+ Rd7 54. Rxd7+ Kxd7 55. h4 Ke7 56. hxg5 hxg5 57. Kf3 Ke6 58. Ng3 Ke5 59. Nf1 Bd3 60. Nd2 f6 61. Nb3 Bc2 62. Nd4 Bd1+ 63. Kg3 Ke4 64. Nf5 Ke5 65. f3 Bc2 66. Nd4 Ba4 67. Kf2 Bd7 68. Ke2 Bc8 69. Kd2 Ba6 70. Nc6+ Kd6 71. Nb4 Bb5 72. Nd3 Ba6 73. Kc3 Bb7 74. e4 Ba6 75. Kd4 Bxd3 76. Kxd3 Ke5 77. Ke3 Ke6 78. f4 gxf4+ 79. Kxf4 Ke7 80. Ke3 Ke6 81. Kf2 Ke5 82. Kf3 Ke6 83. Kg3 Ke5 84. Kf3 Ke6 85. Kf4 Ke7 86. e5 Ke6 1/2-1/2

[Event "9th A. Margaryan Memorial 2019"]
[Site "Yerevan"]
[Date "2019.01.12"]
[Round "5"]
[White "Babujian, Levon"]
[Black "Sargsyan, Anna M."]
[Result "1/2-1/2"]
[ECO "D18"]
[WhiteElo "2488"]
[BlackElo "2339"]
[Annotator "ChessBase"]
[PlyCount "66"]
[EventDate "2019.01.08"]
[EventType "tourn"]
[EventCountry "ARM"]
[SourceTitle "playchess.com"]
[Source "ChessBase"]
[SourceQuality "1"]
[TimeControl "40/5400+30:1800+30"]

1. d4 d5 2. c4 c6 3. Nc3 Nf6 4. Nf3 dxc4 5. a4 Bf5 6. e3 e6 7. Bxc4 Bb4 8. O-O Nbd7 9. Nh4 O-O 10. f3 Bg6 11. Nxg6 hxg6 12. e4 e5 13. Be3 Qa5 14. Na2 Nb6 15. Bb3 exd4 16. Qxd4 c5 17. Qd3 Rad8 18. Qc2 Bd2 19. Bf2 Rc8 20. Rfd1 Rfd8 21. Nc3 c4 22. Rxd2 Rxd2 23. Qxd2 cxb3 24. Qd1 Rxc3 25. bxc3 b2 26. Qd8+ Kh7 27. Rf1 Nfd7 28. h3 Qa6 29. Rb1 Qxa4 30. Bxb6 Nxb6 31. Kh2 Qc2 32. Qh4+ Kg8 33. Qd8+ Kh7 1/2-1/2

[Event "9th A. Margaryan Memorial 2019"]
[Site "Yerevan"]
[Date "2019.01.12"]
[Round "5"]
[White "Gholami, Aryan"]
[Black "Sturua, Zurab"]
[Result "1/2-1/2"]
[ECO "A35"]
[WhiteElo "2488"]
[BlackElo "2533"]
[Annotator "ChessBase"]
[PlyCount "100"]
[EventDate "2019.01.08"]
[EventType "tourn"]
[EventCountry "ARM"]
[SourceTitle "playchess.com"]
[Source "ChessBase"]
[SourceQuality "1"]
[TimeControl "40/5400+30:1800+30"]

1. Nf3 c5 2. c4 Nc6 3. Nc3 Nf6 4. d4 cxd4 5. Nxd4 g6 6. g3 d6 7. Nxc6 bxc6 8. Bg2 Bd7 9. O-O Bg7 10. e4 O-O 11. c5 dxc5 12. Na4 Qc8 13. Nxc5 Bh3 14. Qc2 Bxg2 15. Kxg2 Nd7 16. Be3 Nxc5 17. Bxc5 Qe6 18. Rfd1 Rab8 19. Bd4 Bxd4 20. Rxd4 Qe5 21. Rd2 Rfd8 22. Rad1 Rxd2 23. Rxd2 Rb4 24. Qxc6 Qxe4+ 25. Qxe4 Rxe4 26. b3 a5 27. Kf3 Re5 28. Re2 Rf5+ 29. Ke4 Kf8 30. f4 Ke8 31. Rd2 e6 32. Rd6 g5 33. fxg5 Rxg5 34. Rb6 Rf5 35. a4 Kd7 36. g4 Rf2 37. Rb5 Rxh2 38. Rxa5 Rh4 39. Ra7+ Kc6 40. Rxf7 Rxg4+ 41. Ke5 Rb4 42. Rf3 Kd7 43. Kf6 Kd6 44. Rd3+ Kc5 45. Kxe6 Rb6+ 46. Kd7 h5 47. Rc3+ Kb4 48. Rh3 Rh6 49. Ke7 h4 50. Kf7 Rc6 1/2-1/2

[Event "9th A. Margaryan Memorial 2019"]
[Site "Yerevan"]
[Date "2019.01.12"]
[Round "5"]
[White "Petriashvili, Nikoloz"]
[Black "Mikaelyan, Arman"]
[Result "1-0"]
[ECO "A49"]
[WhiteElo "2479"]
[BlackElo "2474"]
[Annotator "ChessBase"]
[PlyCount "145"]
[EventDate "2019.01.08"]
[EventType "tourn"]
[EventCountry "ARM"]
[SourceTitle "playchess.com"]
[Source "ChessBase"]
[SourceQuality "1"]
[TimeControl "40/5400+30:1800+30"]

1. d4 Nf6 2. Nf3 g6 3. g3 Bg7 4. Bg2 O-O 5. O-O d5 6. Bf4 a5 7. Nc3 a4 8. a3 Bf5 9. Ne5 c6 10. Re1 Qb6 11. Rb1 Rd8 12. Qd2 Nbd7 13. h3 Nh5 14. Nxd7 Rxd7 15. e3 Nxf4 16. gxf4 h5 17. Na2 c5 18. dxc5 Qxc5 19. Nb4 Rad8 20. Nd3 Qc8 21. Rbc1 Rc7 22. Kh2 Be4 23. c3 Qf5 24. Rcd1 Bxg2 25. Kxg2 Qe4+ 26. f3 Qc4 27. Nb4 e6 28. Qe2 Qc5 29. Nc2 Qe7 30. Rd2 Kh8 31. Kh2 Rc4 32. Rg1 Qc7 33. Kh1 Re8 34. Nb4 Bf6 35. Nd3 Rg8 36. Qh2 Qb6 37. Qf2 Kh7 38. Ne5 Rc7 39. Rd4 Qa6 40. Rd2 Qd6 41. Nd3 Rcc8 42. Rdd1 Rg7 43. Qe2 Rcg8 44. Rg2 Bd8 45. c4 Bf6 46. cxd5 Qxd5 47. Ne5 Qa5 48. Qd2 Ra8 49. Qxa5 Rxa5 50. Nc4 Rc5 51. Nd6 Be7 52. Nxb7 Rb5 53. Nd6 Rb3 54. Re2 f5 55. Ne8 Rg8 56. Nc7 Rb6 57. Rd7 Rg7 58. Ne8 Rf7 59. Rc2 Rb8 60. Nd6 Rg7 61. Rcc7 Bf6 62. Rxg7+ Bxg7 63. Ra7 g5 64. fxg5 Kg6 65. f4 Rxb2 66. Re7 Rb1+ 67. Kg2 Rb2+ 68. Kf3 Rb6 69. Rxe6+ Kh7 70. g6+ Kg8 71. Re8+ Bf8 72. Nxf5 Rxg6 73. Ne7+ 1-0

[Event "9th A. Margaryan Memorial 2019"]
[Site "Yerevan"]
[Date "2019.01.12"]
[Round "5"]
[White "Sargsyan, Tigran R."]
[Black "Barseghyan, Armen Ar."]
[Result "1-0"]
[ECO "A16"]
[WhiteElo "2332"]
[BlackElo "2380"]
[Annotator "NA"]
[PlyCount "81"]
[EventDate "2019.01.08"]
[EventType "tourn"]
[EventCountry "ARM"]
[SourceTitle "playchess.com"]
[Source "ChessBase"]
[SourceQuality "1"]
[TimeControl "40/5400+30:1800+30"]

1. c4 Nf6 2. Nc3 c5 3. Nf3 g6 4. d4 cxd4 5. Nxd4 Nc6 6. g3 Bg7 7. Bg2 O-O 8. O-O Qa5 9. e3 Ne5 10. Qe2 d6 11. Bd2 Bg4 12. f3 Bd7 13. Nd5 Qd8 14. Nxf6+ exf6 15. b3 Re8 16. f4 Bg4 17. Qe1 Nd3 18. Qb1 Nc5 19. f5 Qe7 20. h3 Bxf5 21. Nxf5 gxf5 22. Rxf5 Bh6 23. Kh2 Ne4 24. Bb4 Qe6 25. Qf1 a5 26. Bxa5 Kh8 27. Qf3 Ng5 28. Qg4 Qxe3 29. Re1 Qd3 30. Rxe8+ Rxe8 31. Rxf6 Re2 32. Rf1 Qc2 33. Qc8+ Kg7 34. Qxb7 Qg6 35. Bc3+ Kg8 36. Qc8+ Bf8 37. Qg4 Rc2 38. Rf6 Qe4 39. Qxg5+ Bg7 40. Qxg7+ Kxg7 41. Rf4+ 1-0

[Event "9th A. Margaryan Memorial 2019"]
[Site "Yerevan"]
[Date "2019.01.13"]
[Round "6"]
[White "Davtyan, Artur"]
[Black "Sargsyan, Tigran R."]
[Result "1-0"]
[ECO "D11"]
[WhiteElo "2396"]
[BlackElo "2332"]
[Annotator "NA"]
[PlyCount "63"]
[EventDate "2019.01.08"]
[EventType "tourn"]
[EventCountry "ARM"]
[SourceTitle "playchess.com"]
[Source "ChessBase"]
[SourceQuality "1"]
[TimeControl "40/5400+30:1800+30"]

1. d4 d5 2. c4 c6 3. Nf3 Nf6 4. e3 Bg4 5. h3 Bh5 6. g4 Bg6 7. Nc3 e6 8. Ne5 Nbd7 9. h4 dxc4 10. Nxg6 hxg6 11. g5 Nd5 12. Bxc4 Bb4 13. Bd2 Qe7 14. a3 Bxc3 15. bxc3 e5 16. Qf3 e4 17. Qg4 N5b6 18. Be2 Nc8 19. c4 c5 20. dxc5 Nxc5 21. Bb4 b6 22. Rd1 Nd6 23. Bxc5 bxc5 24. Rxd6 Qxd6 25. Qxe4+ Kd7 26. Qb7+ Qc7 27. Bg4+ Kd6 28. Qd5+ Ke7 29. Qe4+ Kd6 30. O-O Qc6 31. Rd1+ Kc7 32. Qe7+ 1-0

[Event "9th A. Margaryan Memorial 2019"]
[Site "Yerevan"]
[Date "2019.01.14"]
[Round "7"]
[White "Sargsyan, Anna M."]
[Black "Barseghyan, Armen Ar."]
[Result "0-1"]
[ECO "A61"]
[WhiteElo "2339"]
[BlackElo "2380"]
[Annotator "NA"]
[PlyCount "76"]
[EventDate "2019.01.08"]
[EventType "tourn"]
[EventCountry "ARM"]
[SourceTitle "playchess.com"]
[Source "ChessBase"]
[SourceQuality "1"]
[TimeControl "40/5400+30:1800+30"]

1. Nf3 Nf6 2. d4 g6 3. c4 c5 4. d5 e6 5. Nc3 exd5 6. cxd5 d6 7. Nd2 Bg7 8. e4 O-O 9. Be2 Na6 10. O-O Ne8 11. Nc4 Rb8 12. a4 f5 13. exf5 Bxf5 14. Bf4 Nb4 15. Qd2 Nc2 16. Nb5 ({White should try} 16. Rac1 $11 Nd4 17. Bd1) 16... Nxa1 17. Rxa1 Bd7 $11 18. Bg5 Bf6 19. Bh6 Bxb5 20. axb5 Bg7 21. Bg5 Qd7 22. Rxa7 Bd4 23. Be3 Bxe3 24. Nxe3 Nf6 25. Qa5 Ne4 26. Bf3 Ng5 27. Be2 Qf7 28. Ng4 Qf4 29. Qe1 h5 30. Ne3 Rf7 31. b3 Rbf8 32. Bc4 Qd4 33. Ra2 Ne4 34. f3 Ng5 35. Rd2 Qf4 36. h4 Re7 37. Re2 Rfe8 38. Qb1 Kg7 0-1

[Event "9th A. Margaryan Memorial 2019"]
[Site "Yerevan"]
[Date "2019.01.16"]
[Round "9"]
[White "Barseghyan, Armen Ar."]
[Black "Davtyan, Artur"]
[Result "0-1"]
[ECO "C45"]
[WhiteElo "2380"]
[BlackElo "2396"]
[Annotator "NA"]
[PlyCount "196"]
[EventDate "2019.01.08"]
[EventType "tourn"]
[EventCountry "ARM"]
[SourceTitle "playchess.com"]
[Source "ChessBase"]
[SourceQuality "1"]
[TimeControl "40/5400+30:1800+30"]

1. e4 e5 2. Nf3 Nc6 3. d4 exd4 4. Nxd4 Bc5 5. Nb3 Bb6 6. Nc3 Nf6 7. Qe2 {[%emt 0:00:23] C45: Scotch Game} O-O 8. Bg5 h6 9. Bh4 a5 10. a4 Nd4 11. Qd3 Nxb3 12. cxb3 c6 13. O-O-O {[#]} g5 $146 ({Predecessor:} 13... d5 14. exd5 cxd5 15. Bxf6 Qxf6 16. Nxd5 Qxf2 {½-½ (72) Vitiugov,N (2730)-Oparin,G (2609) Linares 2018}) 14. Bg3 d5 15. Qc2 Be6 16. Kb1 Qe7 17. f3 Rad8 18. e5 Nh5 19. Bd3 f6 20. Bg6 (20. Ne2 $11 {keeps the balance.}) 20... Nf4 21. Bxf4 gxf4 22. exf6 Qxf6 23. g4 Kg7 24. Bd3 {[%emt 0:11:30] [#]} h5 $1 25. gxh5 Kh6 26. Rde1 Kxh5 27. Nd1 Bf5 28. Bxf5 Qxf5 29. Re7 Qxc2+ 30. Kxc2 Rb8 $1 31. Rhe1 Kg6 (31... Bc5 $5 32. R7e6 Rg8 $15) 32. R1e2 Rf7 33. R7e6+ Rf6 34. Re7 Bc5 35. Rg2+ Kf5 36. Reg7 Re8 37. Rxb7 Re1 $1 38. h4 Rf1 $1 39. Rg5+ Ke6 40. Rc7 Kd6 41. Rgg7 Rxf3 42. Rge7 Bb4 43. h5 Rf1 44. Rcd7+ Kc5 45. Rf7 Re6 46. Rde7 Re4 47. h6 f3 48. Rxe4 dxe4 49. h7 Rh1 50. Nf2 Rh2 51. h8=Q Rxh8 52. Nxe4+ Kd5 53. Ng3 Rh2+ 54. Kb1 Rf2 55. Rf5+ Kd4 56. Rf6 c5 57. Rf7 Ke3 58. Nf5+ Kd3 59. Ng3 Bd2 60. Rd7+ Ke3 61. Rf7 Rg2 62. Nf1+ Ke4 63. Re7+ Kf4 64. Rf7+ Kg4 65. Kc2 Bg5+ 66. Kd3 Rxb2 67. Ke4 Re2+ 68. Kd3 Re1 69. Nh2+ Kg3 70. Nxf3 Re3+ 71. Kc4 Rxf3 72. Rg7 Kg4 73. Rb7 Bd2 74. Kxc5 Rc3+ 75. Kd4 Rc1 76. Rg7+ Kf3 77. Rh7 Bc3+ 78. Kd5 (78. Kd3 $142 Bb4 79. Kd4) 78... Bb4 79. Rh3+ Kg4 80. Rh2 Rc3 81. Rb2 Kf4 82. Kd4 Kf3 83. Rh2 Kg3 84. Rb2 Kf4 85. Rb1 Rf3 86. Kc4 Ke4 87. Rb2 Rc3+ 88. Kb5 Kd3 89. Rh2 Rxb3 90. Ka6 Kc3 91. Rh5 Kb2 92. Kb5 Rc3 93. Rg5 Kb3 94. Rh5 Re3 95. Rf5 Bc3 96. Rh5 Re4 97. Rc5 Rf4 98. Rc6 Rf5+ 0-1